[Event "Team 45 45 League T40"]
[Site "Internet Chess Club"]
[Date "2009.02.02"]
[Round "1"]
[White "FractalDante"]
[Black "badmove"]
[Result "0-1"]
[WhiteElo "1439"]
[BlackElo "1611"]
[Opening "Alekhine's defense: modern, Larsen variation"]
[ECO "B04"]
[Time "16:07:14"]
[TimeControl "2700+45"]

1. e4 Nf6 2. e5 Nd5 3. d4 d6 4. Nf3 dxe5 5. Nxe5 c6 6. Bc4 Nd7 7. O-O Nxe5 8.
dxe5 Bf5 9. Bg5 h6 10. Bh4 g5 11. Bg3 Bg7 12. Bxd5 cxd5 13. f4 Qb6+ 14. Bf2 Qxb2
15. Bd4 Qxc2 16. Nc3 Qxd1 17. Raxd1 O-O 18. Nxd5 e6 19. Ne7+ Kh7 20. Nxf5 exf5
21. fxg5 Kg6 22. gxh6 Bxh6 23. g3 b6 24. Kg2 Rad8 25. Bb2 Rde8 26. Rd6+ Re6 27.
Rfd1 Re8 28. Kf3 Bg7 29. Kf4 Bh6+ 30. Kf3 Bg7 31. Kf4 Rxd6 32. Rxd6+ Re6 33.
Rxe6+ fxe6 34. Ba3 Bh6+ 35. Kf3 Bd2 36. Bd6 b5 37. Ke2 Ba5 38. Kd3 Bb6 39. Ke2
Kh5 40. h3 a5 41. Kf3 Bd4 42. Kf4 Bc3 43. g4+ fxg4 44. hxg4+ Kg6 45. Be7 b4 46.
Ke4 a4 47. Bf6 a3 48. Kd3 b3 49. Kxc3 bxa2 {White resigns} 0-1

[Event "Team 45 45 League T40"]
[Site "Internet Chess Club"]
[Date "2009.01.31"]
[Round "1"]
[White "Superjem"]
[Black "Ser-Enigma"]
[Result "1/2-1/2"]
[WhiteElo "2101"]
[BlackElo "2122"]
[Opening "English opening"]
[ECO "A20"]
[Time "08:05:20"]
[TimeControl "2700+45"]

1. c4 e5 2. g3 Nf6 3. Bg2 d5 4. cxd5 Nxd5 5. Nc3 c6 6. d3 Be6 7. Nf3 Bb4 8. Bd2
Nd7 9. O-O Be7 10. a3 O-O 11. Rc1 h6 12. d4 Nxc3 13. Bxc3 e4 14. Nd2 f5 15. e3
Nb6 16. Nb1 a5 17. Re1 a4 18. Qd2 Nc4 19. Qc2 Bd5 20. Nd2 Nxd2 21. Qxd2 Qd7 22.
Bb4 Rf7 23. Bxe7 Qxe7 24. Bf1 b5 25. Rc5 Qe6 26. Rec1 Raf8 27. Qc3 Rf6 28. Qa5
f4 29. exf4 e3 30. Qe1 Qe4 31. Rxd5 exf2+ 32. Kxf2 Qxd5 33. Qe5 Qb3 34. d5 Qxd5
35. Qxd5+ cxd5 36. Rc5 Rb6 37. Rxd5 b4 38. Bb5 bxa3 39. bxa3 Rfb8 40. Bxa4 Rb2+
41. Kf3 Ra8 42. Rd4 Rxh2 43. Bb3+ Kh8 44. a4 Rb8 45. Bc4 Rh5 46. Bb5 Rc5 47. Rd3
Kh7 48. Rb3 g6 49. Rd3 Rb7 50. Ba6 Rf7 51. Rd6 Kg7 52. Bd3 Rf6 53. Rd7+ Kf8 54.
Kg4 Rb6 55. Ra7 Rc3 56. Bb5 Re6 57. Ra8+ Kf7 58. Ra7+ Kf6 59. Ra6 Rxa6 60. Bxa6
Ra3 61. Bb5 Rb3 62. Ba6 Rb4 63. Bb5 g5 64. Kf3 gxf4 65. gxf4 Rb1 66. Kg4 Rg1+
67. Kh5 Kg7 68. Kh4 Rh1+ 69. Kg4 Kf6 70. a5 h5+ 71. Kg3 h4+ 72. Kg4 h3 73. Kg3
Rb1 74. Bd7 Rb3+ 75. Kh2 Ra3 76. Bxh3 Rxa5 77. Bg4 Ra3 78. Kg2 Ke7 79. Kf2 Kd6
80. Bf3 Rb3 81. Kg3 Kc5 82. Kg4 Kd4 83. Bc6 Rc3 84. Be8 Rc1 85. Kf5 Rf1 86. Kf6
Rxf4+ 87. Kg7 Ke5 88. Bf7 Rg4+ 89. Kh8 Kf6 90. Bg8 Rh4+ 91. Bh7 Rh2 92. Kg8 Rb2
93. Kh8 Kg5 94. Bg8 Kh6 95. Bh7 Rg2 96. Bg8 Rg7 97. Ba2 Rh7+ 98. Kg8 Ra7 99. Bb3
Rc7 100. Kh8 Kg6 101. Bg8 Kf6 102. Bh7 Kf7 103. Bg8+ Kf8 104. Bh7 Rc8 105. Bg8
Rb8 106. Bc4 Ke7+ 107. Kg7 Rb4 108. Bg8 Rh4 109. Bh7 Rg4+ 110. Kh8 Kf7 111. Bc2
Rg8+ 112. Kh7 Rc8 113. Bb3+ Kf6 114. Bg8 Kg5 115. Kg7 Rd8 116. Kh8 Kf6 117. Kh7
Rd4 118. Kh8 Rb4 119. Bh7 Rb3 120. Bg8 Rg3 121. Bh7 Rg5 122. Bg8 Kg6 123. Bh7+
Kh6 124. Bg8 Rg7 125. Bb3 Rc7 126. Bg8 Rc8 {White stalemated} 1/2-1/2

[Event "Team 45 45 League T40"]
[Site "Internet Chess Club"]
[Date "2009.02.08"]
[Round "1"]
[White "DeLaSalle"]
[Black "SuperPeon"]
[Result "1-0"]
[WhiteElo "2116"]
[BlackElo "1949"]
[Opening "Nimzovich-Larsen attack: modern variation"]
[ECO "A01"]
[Time "05:59:06"]
[TimeControl "2700+45"]

1. b3 e5 2. Bb2 Nc6 3. c4 d6 4. e3 g6 5. d3 Bg7 6. Nf3 f5 7. a3 Nf6 8. Nc3 O-O
9. Qc2 f4 10. exf4 exf4 11. Be2 Bg4 12. O-O Nd7 13. Nd5 Bxf3 14. Bxf3 Nd4 15.
Bxd4 Bxd4 16. Rae1 Ne5 17. Re4 Qg5 18. Qe2 Bb6 19. a4 c6 20. Nxb6 axb6 21. d4
Nd7 22. Re1 Nf6 23. Re7 Rae8 24. Qe6+ Kh8 25. Qxd6 Qf5 26. Rxe8 Rxe8 27. Rxe8+
Nxe8 28. Qe5+ Qxe5 29. dxe5 Ng7 30. Bg4 Nf5 31. Bxf5 gxf5 32. f3 Kg8 33. Kf2 Kf7
34. g3 fxg3+ 35. Kxg3 Ke6 36. f4 Kf7 37. Kh4 Kg6 38. Kg3 Kf7 39. Kf3 Kf8 40. b4
Kf7 41. Ke3 Ke7 42. Kd4 Ke6 43. a5 c5+ 44. bxc5 bxa5 45. Kc3 Kd7 46. Kb3 Kc6 47.
Ka4 Kxc5 48. Kxa5 b6+ 49. Ka6 Kxc4 50. e6 Kd5 51. e7 Ke4 52. e8=Q+ Kxf4 53. Qh5
Ke4 54. Qxh7 {Black resigns} 1-0

[Event "Team 45 45 League T40"]
[Site "Internet Chess Club"]
[Date "2009.01.31"]
[Round "1"]
[White "mcplayerus"]
[Black "touchthis"]
[Result "1-0"]
[WhiteElo "2088"]
[BlackElo "1801"]
[Opening "QGD: Chigorin defense"]
[ECO "D07"]
[Time "23:00:59"]
[TimeControl "2700+45"]

1. d4 d5 2. c4 Nc6 3. e3 e5 4. cxd5 Qxd5 5. Nc3 Bb4 6. Bd2 Bxc3 7. bxc3 exd4 8.
cxd4 Nf6 9. Nf3 O-O 10. Be2 Ne4 11. O-O Nxd2 12. Nxd2 Ne7 13. Bf3 Qg5 14. Rc1 c6
15. a4 Rd8 16. Qb3 b6 17. Qa3 Qf6 18. a5 Ba6 19. Rfe1 b5 20. Ne4 Qe6 21. Nc5 Qd6
22. Qb2 Bc8 23. Rc2 Rb8 24. Rec1 Nd5 25. Bxd5 Qxd5 26. Nd3 Bb7 27. Rc5 Qe4 28.
Nf4 Rd6 29. Re5 Qxe5 30. dxe5 Rd7 31. e6 fxe6 32. Nxe6 Re8 33. Nc5 {Black
resigns} 1-0

[Event "Team 45 45 League T40"]
[Site "Internet Chess Club"]
[Date "2009.01.30"]
[Round "1"]
[White "bgolev"]
[Black "Majamutu"]
[Result "1/2-1/2"]
[WhiteElo "1869"]
[BlackElo "2031"]
[Opening "King's Indian: fianchetto, Panno variation"]
[ECO "E63"]
[Time "18:30:08"]
[TimeControl "2700+45"]

1. d4 Nf6 2. Nf3 g6 3. g3 Bg7 4. Bg2 d6 5. c4 O-O 6. Nc3 Nc6 7. O-O a6 8. e4 Bg4
9. h3 Bxf3 10. Bxf3 e5 11. Be3 Re8 12. d5 Nd4 13. Bxd4 exd4 14. Qxd4 Nxe4 15.
Qd3 Nxc3 16. bxc3 Qf6 17. Rab1 b6 18. Rfc1 Re5 19. Rb2 Rae8 20. Re2 Rxe2 21.
Bxe2 Qe5 22. Bf3 a5 23. Kg2 Re7 24. h4 h5 25. a4 Re8 26. Rc2 Qe1 27. Re2 Rxe2
28. Qxe2 Qxe2 29. Bxe2 Bxc3 30. f4 {Game drawn by mutual agreement} 1/2-1/2

[Event "Team 45 45 League T40"]
[Site "Internet Chess Club"]
[Date "2009.01.30"]
[Round "1"]
[White "Alphalegacy"]
[Black "Intelectual"]
[Result "0-1"]
[WhiteElo "1982"]
[BlackElo "1896"]
[Opening "French: MacCutcheon, advance variation"]
[ECO "C12"]
[Time "21:02:57"]
[TimeControl "2700+45"]

1. e4 e6 2. d4 d5 3. Nc3 Nf6 4. Bg5 Bb4 5. e5 h6 6. Bxf6 gxf6 7. Nf3 c5 8. a3
Ba5 9. dxc5 Bxc3+ 10. bxc3 Nc6 11. Bb5 Bd7 12. Bxc6 Bxc6 13. Qd4 fxe5 14. Nxe5
f6 15. Ng6 Rg8 16. Qg4 Kf7 17. Ne5+ fxe5 18. Qh5+ Rg6 19. f4 Kg7 20. fxe5 Qg5
21. Qxg5 Rxg5 22. O-O-O Rxe5 23. Rhf1 Rf8 24. Rxf8 Kxf8 25. Rf1+ Ke7 26. Rf2
Re1+ 27. Kd2 Ra1 28. Rf4 Be8 29. Rb4 Bc6 30. Rh4 Rxa3 31. Rxh6 Ra4 32. h3 Rf4
33. g4 a5 34. g5 a4 35. Kc1 e5 36. Kb2 e4 37. Rh7+ Kf8 38. h4 e3 39. h5 e2 40.
g6 e1=Q 41. h6 Rg4 42. g7+ Ke8 43. Rh8+ Ke7 44. g8=Q Rxg8 45. Rxg8 d4 46. h7
Qxc3+ 47. Kc1 d3 {White resigns} 0-1

[Event "Team 45 45 League T40"]
[Site "Internet Chess Club"]
[Date "2009.02.01"]
[Round "1"]
[White "ARMAND01968"]
[Black "room-matt"]
[Result "1-0"]
[WhiteElo "1853"]
[BlackElo "1782"]
[Opening "Budapest: Adler variation"]
[ECO "A52"]
[Time "09:42:31"]
[TimeControl "2700+45"]

1. d4 Nf6 2. c4 e5 3. dxe5 Ng4 4. Nf3 Bc5 5. e3 Nc6 6. a3 a5 7. Qd5 d6 8. exd6
Bxd6 9. h3 Nf6 10. Qd1 O-O 11. Be2 Re8 12. Nc3 Qe7 13. Nb5 Bc5 14. O-O Rd8 15.
Qc2 g6 16. Bd2 Bf5 17. Qc1 Ne4 18. Bc3 Rd7 19. Nbd4 Nxd4 20. Bxd4 Bd6 21. Bd3
Ng3 22. Bxf5 Ne2+ 23. Kh1 Nxc1 24. Bxd7 Qxd7 25. Raxc1 c5 26. Bc3 a4 27. Rcd1
Ra6 28. Rd5 Qe6 29. Rfd1 b6 30. Rxd6 {Black resigns} 1-0

[Event "Team 45 45 League T40"]
[Site "Internet Chess Club"]
[Date "2009.01.31"]
[Round "1"]
[White "QueensCounselor"]
[Black "FiendAngelical"]
[Result "1-0"]
[WhiteElo "1961"]
[BlackElo "1974"]
[Opening "King's Indian: orthodox, Aronin-Taimanov, 9.Ne1"]
[ECO "E98"]
[Time "12:31:17"]
[TimeControl "2700+45"]

1. d4 Nf6 2. c4 g6 3. Nc3 Bg7 4. e4 d6 5. Nf3 O-O 6. Be2 e5 7. O-O Nc6 8. d5 Ne7
9. Ne1 Nd7 10. Be3 f5 11. f3 f4 12. Bf2 g5 13. a4 Nf6 14. a5 Ng6 15. c5 h5 16.
cxd6 cxd6 17. Nb5 a6 18. Bb6 Qe7 19. Na7 Bd7 20. Rc1 Ne8 21. b4 Rf7 22. b5 Qf6
23. bxa6 bxa6 24. Bxa6 g4 25. Bb7 g3 26. Bxa8 Qh4 27. h3 Bxh3 28. gxh3 Qxh3 29.
Qd2 Nh4 30. Rc8 Bf8 31. Rxe8 Rg7 32. Rxf8+ Kxf8 33. Qc2 Rd7 34. Nb5 g2 35. Nxg2
Nxg2 36. Rf2 Nh4 37. Qc8+ Kf7 38. Bc6 Qg3+ 39. Kf1 Re7 40. Nxd6+ Kg6 41. Qg8+
Rg7 42. Qe6+ Kh7 43. Qxe5 Nxf3 44. Qxh5+ Kg8 45. Qxf3 Qg1+ 46. Ke2 {Black
resigns} 1-0

[Event "Team 45 45 League T40"]
[Site "Internet Chess Club"]
[Date "2009.01.31"]
[Round "1"]
[White "chessateer"]
[Black "LoseOften"]
[Result "1-0"]
[WhiteElo "1837"]
[BlackElo "1802"]
[Opening "Sicilian: closed"]
[ECO "B23"]
[Time "08:13:15"]
[TimeControl "2700+45"]

1. e4 c5 2. Nc3 d6 3. f4 Nc6 4. Bb5 Bd7 5. Nf3 g6 6. d3 Bg7 7. O-O e6 8. f5 gxf5
9. exf5 Nf6 10. fxe6 fxe6 11. Qe1 Qe7 12. Bg5 O-O-O 13. Kh1 h6 14. Bh4 a6 15.
Bc4 Rdf8 16. a4 Qf7 17. Bg3 Kc7 18. Nd2 Qe7 19. Nde4 Nxe4 20. Nxe4 Be5 21. Rxf8
Rxf8 22. Nxc5 Bxg3 23. Qxg3 Qf6 24. h3 Qxb2 25. Re1 Ne5 26. Bxe6 Bc6 27. Qg7+
Kb6 28. Nxb7 Qxc2 29. a5+ Ka7 30. Nxd6+ Rf7 31. Bxf7 {Black resigns} 1-0

[Event "Team 45 45 League T40"]
[Site "Internet Chess Club"]
[Date "2009.01.31"]
[Round "1"]
[White "RLLN"]
[Black "predkoo"]
[Result "1-0"]
[WhiteElo "1591"]
[BlackElo "1753"]
[Opening "Ruy Lopez: Marshall, Herman Steiner variation"]
[ECO "C89"]
[Time "11:00:33"]
[TimeControl "2700+45"]

1. e4 e5 2. Nf3 Nc6 3. Bb5 a6 4. Ba4 Nf6 5. O-O Be7 6. Re1 b5 7. Bb3 O-O 8. c3
d5 9. exd5 e4 10. Ng5 Na5 11. Bc2 Bg4 12. f3 exf3 13. gxf3 Bh5 14. d4 h6 15. Nh3
Nxd5 16. Re5 Bg6 17. Be4 c6 18. Bxg6 fxg6 19. f4 Bd6 20. Re6 Bxf4 21. Nxf4 Nxf4
22. Bxf4 Rxf4 23. Rxg6 Qe8 24. Rg3 Nc4 25. Nd2 Nxb2 26. Qb3+ Nc4 27. Nxc4 bxc4
28. Qxc4+ Kh8 29. Rb1 Rb8 30. Rxb8 Qxb8 31. Qe2 Qb1+ 32. Kg2 Rf6 33. Rf3 Rxf3
34. Kxf3 Qf5+ 35. Kg3 Qg5+ 36. Qg4 Qe3+ 37. Qf3 Qe1+ 38. Kf4 Qh4+ 39. Ke3 Qxh2
40. Qxc6 Qg1+ 41. Kd2 Qf2+ 42. Kd1 Qxa2 43. d5 Kg8 44. d6 Qb1+ 45. Kd2 Qb2+ 46.
Kd3 Qb1+ 47. Kd4 Qg1+ 48. Kc4 Qf1+ 49. Kb4 Qb1+ 50. Ka5 Qa2+ 51. Kb6 Qb3+ 52.
Kc7 Qf7+ 53. d7 {Black resigns} 1-0

[Event "Team 45 45 League T40"]
[Site "Internet Chess Club"]
[Date "2009.02.01"]
[Round "1"]
[White "natethegreat"]
[Black "pedrin"]
[Result "1/2-1/2"]
[WhiteElo "1791"]
[BlackElo "1610"]
[Opening "Giuoco Piano"]
[ECO "C54"]
[Time "14:02:35"]
[TimeControl "2700+45"]

1. e4 e5 2. Nf3 Nc6 3. Bc4 Bc5 4. c3 Nf6 5. d4 exd4 6. e5 d5 7. exf6 dxc4 8.
fxg7 Rg8 9. Bh6 Qf6 10. Qd2 Bg4 11. Nxd4 Nxd4 12. cxd4 Bxd4 13. Nc3 Bxc3 14.
bxc3 Qe6+ 15. Kf1 Rd8 16. Qe1 Qxe1+ 17. Rxe1+ Kd7 18. Bg5 Rde8 19. Bf6 Rxe1+ 20.
Kxe1 Re8+ 21. Kd2 Re2+ 22. Kc1 Re8 23. h3 Bf5 24. g4 Bd3 25. g5 b5 26. h4 a5 27.
a3 c5 28. h5 b4 29. axb4 cxb4 30. cxb4 axb4 31. Bd4 b3 32. Bc5 Rc8 33. Kb2 Rg8
34. Bf8 Ke8 35. Re1+ Kd8 36. Re7 Rxg7 37. Bxg7 Kxe7 38. Bf6+ Ke6 39. h6 Kd5 40.
f4 Ke4 41. Be5 Kf3 42. Kc3 Ke4 43. Bc7 Kf5 44. Be5 Bf1 45. Kd2 Ke4 46. Bf6 Kxf4
47. Kc3 Bd3 48. Kb2 Ke4 49. Kc3 Kf5 50. Kb2 Bf1 51. Kc3 Kg6 52. Kb2 Bd3 53. Kc3
Be2 54. Kb2 Bf3 55. Kc3 Bd5 56. Kb2 Kf5 57. Kc3 Ke4 58. Bg7 Ke3 59. Kb2 Kd3 60.
Bf6 Bg2 61. Bg7 Ba8 62. Bf6 Bf3 63. Bg7 Bd5 64. Bf6 Bc6 65. Bg7 {Game drawn by
mutual agreement} 1/2-1/2

[Event "Team 45 45 League T40"]
[Site "Internet Chess Club"]
[Date "2009.01.31"]
[Round "1"]
[White "andrew28"]
[Black "avila"]
[Result "1-0"]
[WhiteElo "1766"]
[BlackElo "1680"]
[Opening "French: Rubinstein variation"]
[ECO "C03"]
[Time "11:06:09"]
[TimeControl "2700+45"]

1. e4 e6 2. d4 d5 3. Nd2 dxe4 4. Nxe4 Nd7 5. Nf3 Ngf6 6. Bd3 Be7 7. Qe2 O-O 8.
Neg5 h6 9. h4 b6 10. Ne5 Nb8 11. c3 Qe8 12. Ngxf7 Bd6 13. Bg6 Qe7 14. Qc2 Bb7
15. Bg5 Bxe5 16. Nxe5 Nbd7 17. Bh7+ {Black resigns} 1-0

[Event "Team 45 45 League T40"]
[Site "Internet Chess Club"]
[Date "2009.01.31"]
[Round "1"]
[White "vkpanch"]
[Black "jjmolina"]
[Result "1-0"]
[WhiteElo "1671"]
[BlackElo "1716"]
[Opening "Caro-Kann: advance variation"]
[ECO "B12"]
[Time "16:01:04"]
[TimeControl "2700+45"]

1. e4 c6 2. d4 d5 3. e5 Bf5 4. Nf3 e6 5. Bd3 Ne7 6. Bg5 Bxd3 7. Qxd3 Qb6 8. Nbd2
Ng6 9. O-O-O c5 10. dxc5 Bxc5 11. h4 Nc6 12. h5 Ngxe5 13. Nxe5 Nxe5 14. Qg3 Bd6
15. Bf4 Qc7 16. Qxg7 O-O-O 17. Rde1 Nd3+ 18. Kb1 Bxf4 19. cxd3 Bxd2 20. Rc1 Bxc1
21. Rxc1 Qxc1+ 22. Kxc1 Rdf8 23. Qc3+ Kb8 24. Qe5+ Kc8 25. h6 Rhg8 26. g3 Rg6
27. Qe3 Kb8 28. Kd2 Rc8 29. Qf4+ Rc7 30. Qd6 Rxh6 31. Qf8+ {Black resigns} 1-0

[Event "Team 45 45 League T40"]
[Site "Internet Chess Club"]
[Date "2009.02.02"]
[Round "1"]
[White "katesolu"]
[Black "Caminator"]
[Result "1-0"]
[WhiteElo "1748"]
[BlackElo "1783"]
[Opening "Ruy Lopez: closed, Flohr-Zaitsev system (Lenzerheide variation)"]
[ECO "C92"]
[Time "22:00:16"]
[TimeControl "2700+45"]

1. e4 e5 2. Nf3 Nc6 3. Bb5 a6 4. Ba4 Nf6 5. O-O Be7 6. Re1 b5 7. Bb3 O-O 8. h3
d6 9. c3 Bb7 10. d4 Nd7 11. Nbd2 Bf6 12. Nf1 Re8 13. Ng3 Nf8 14. Bc2 Ng6 15. d5
Nb8 16. Be3 h6 17. Qd2 Nd7 18. Nh2 Nb6 19. b3 Bc8 20. Nh5 Be7 21. Qe2 Bg5 22.
Rad1 Bxe3 23. Qxe3 Nd7 24. Ng4 Kh7 25. Qf3 f6 26. Qe3 Rh8 27. Rd2 Nc5 28. Nhxf6+
gxf6 29. Qxh6+ Kg8 30. Qxg6+ Kf8 31. Nxf6 Nd7 32. Nxd7+ Bxd7 33. Re3 Rh4 34.
Rf3+ Rf4 35. Qh6+ Ke8 36. Rxf4 exf4 37. Qxf4 Qe7 38. Rd3 Qe5 39. Qxe5+ dxe5 40.
Rg3 Ke7 41. Kf1 Kf6 42. Ke2 c6 43. Rf3+ Kg6 44. dxc6 Bxc6 45. Rf5 Re8 46. Rf3
Rc8 47. Rd3 Bxe4 48. Rd6+ Kf5 49. g4+ Kf4 50. Bxe4 Kxe4 51. Rd3 b4 52. cxb4 Rb8
53. a3 Rc8 54. Re3+ Kf4 55. Kd2 e4 56. g5 Rh8 57. g6 Rg8 58. Rg3 e3+ 59. Ke2 Rg7
60. Rg4+ Kf5 61. fxe3 {Black resigns} 1-0

[Event "Team 45 45 League T40"]
[Site "Internet Chess Club"]
[Date "2009.02.01"]
[Round "1"]
[White "g8wrb"]
[Black "Mutaant"]
[Result "1-0"]
[WhiteElo "1632"]
[BlackElo "1489"]
[Opening "Ruy Lopez: classical defense, 4.c3"]
[ECO "C64"]
[Time "15:01:07"]
[TimeControl "2700+45"]

1. e4 e5 2. Nf3 Nc6 3. Bb5 Bc5 4. c3 Qf6 5. O-O Nge7 6. Re1 O-O 7. d3 h6 8. Bxc6
Nxc6 9. Be3 d6 10. d4 exd4 11. cxd4 Bb4 12. Nc3 Bxc3 13. bxc3 Bg4 14. Rb1 b6 15.
Bc1 Rae8 16. Ba3 Bxf3 17. Qxf3 Qxf3 18. gxf3 f6 19. f4 Rf7 20. Re3 g5 21. fxg5
hxg5 22. h3 Na5 23. Bc1 Rfe7 24. f3 Nc4 25. Re2 a5 26. Rb5 c6 27. Rf5 Re6 28.
Rg2 Kh7 29. Bxg5 fxg5 30. Rfxg5 R8e7 31. f4 Rxe4 32. Rh5# {Black checkmated} 1-0

[Event "Team 45 45 League T40"]
[Site "Internet Chess Club"]
[Date "2009.02.01"]
[Round "1"]
[White "beerss"]
[Black "Visin"]
[Result "1/2-1/2"]
[WhiteElo "1451"]
[BlackElo "1298"]
[Opening "Bird's opening"]
[ECO "A03"]
[Time "13:04:00"]
[TimeControl "2700+45"]

1. f4 d5 2. Nf3 Nc6 3. e3 Bg4 4. Bb5 Nf6 5. O-O e6 6. Qe1 a6 7. Bxc6+ bxc6 8.
Ne5 Qd6 9. d3 Be7 10. Qg3 h5 11. h3 h4 12. Qf2 Bf5 13. Nd2 Nd7 14. Ndf3 f6 15.
Nd4 fxe5 16. fxe5 Nxe5 17. Nxf5 exf5 18. Qxf5 Rf8 19. Qh5+ Qg6 20. Rxf8+ Kxf8
21. Qxe5 Bd6 22. Qc3 c5 23. Bd2 Qg3 24. Be1 Qxe3+ 25. Bf2 Qf4 26. Re1 Qh2+ 27.
Kf1 Kg8 28. Qb3 Qh1+ 29. Ke2 Re8+ 30. Kd1 Rxe1+ 31. Bxe1 Qxg2 32. Qb8+ Kh7 33.
Qc8 Qf3+ 34. Kd2 Bf4+ 35. Kc3 Be5+ 36. Kb3 c4+ 37. Ka4 cxd3 38. cxd3 Qxd3 39. b3
Qb5+ 40. Ka3 Qc5+ 41. Bb4 Qc1+ 42. Ka4 Qc6+ 43. Ka3 Qf6 44. Qd7 Bb2+ 45. Ka4 c6
46. Qg4 Qf7 47. Qxh4+ Kg8 48. Qd8+ Kh7 49. Qh4+ Kg8 50. Qd8+ {Game drawn by
mutual agreement} 1/2-1/2

[Event "Team 45 45 League T40"]
[Site "Internet Chess Club"]
[Date "2009.01.30"]
[Round "1"]
[White "betto2506"]
[Black "seldredg"]
[Result "1-0"]
[WhiteElo "1477"]
[BlackElo "1404"]
[Opening "Scandinavian: Pytel-Wade variation"]
[ECO "B01"]
[Time "22:00:09"]
[TimeControl "2700+45"]

1. e4 d5 2. exd5 Qxd5 3. Nc3 Qd6 4. Nf3 Nf6 5. d4 a6 6. g3 b5 7. Bg2 Bb7 8. a3
e6 9. O-O Be7 10. Re1 O-O 11. Bf4 Qd8 12. Qd3 Nh5 13. Be3 f5 14. Bd2 Qd6 15. Ne2
Be4 16. Qb3 h6 17. Nf4 Nxf4 18. Bxf4 Qb6 19. c3 Nd7 20. Ne5 Nxe5 21. Bxe5 Bxg2
22. Kxg2 Qc6+ 23. f3 Qd5 24. Qxd5 exd5 25. Bxc7 Bd8 26. Bd6 Rf6 27. Re8+ Kf7 28.
Rf8+ Kg6 29. Rxf6+ Bxf6 30. Re1 Rd8 31. Bc7 Rd7 32. Be5 Re7 33. f4 Kh5 34. h3 g5
35. Kf2 Kg6 36. Re2 a5 37. Kf3 Re6 38. Bxf6 g4+ 39. hxg4 fxg4+ 40. Kf2 Rxe2+ 41.
Kxe2 Kxf6 42. b3 Kf5 43. b4 a4 44. Ke3 h5 45. c4 dxc4 46. d5 c3 47. d6 c2 48.
Kd2 c1=Q+ 49. Kxc1 Ke6 50. Kd2 Kxd6 51. Kd3 Kd5 52. Ke3 Ke6 53. Ke4 Kf6 54. f5
h4 55. gxh4 g3 56. Kf3 g2 57. Kxg2 Kxf5 58. Kg3 Kg6 59. Kg4 Kh6 60. h5 Kg7 61.
Kg5 Kh7 62. h6 Kg8 63. Kf6 Kh7 64. Ke6 Kxh6 65. Kd6 Kg5 66. Kc6 Kf5 67. Kxb5 Ke5
68. Kxa4 Kd5 69. Kb3 Kd4 70. a4 Kd5 71. Kc3 Kc6 72. Kc4 Kb6 73. Kd5 Kc7 74. a5
Kb7 75. b5 Kc7 76. Kc5 Kb8 77. Kc6 Ka7 78. a6 Ka8 79. b6 Kb8 80. b7 Ka7 81. Kc7
Kxa6 82. b8=Q {Black resigns} 1-0

[Event "Team 45 45 League T40"]
[Site "Internet Chess Club"]
[Date "2009.01.31"]
[Round "1"]
[White "wrimle"]
[Black "IanT"]
[Result "0-1"]
[WhiteElo "1445"]
[BlackElo "1251"]
[Opening "Vienna gambit"]
[ECO "C29"]
[Time "03:32:23"]
[TimeControl "2700+45"]

1. e4 e5 2. Nc3 Nf6 3. f4 Nc6 4. Bb5 d6 5. Nf3 Bg4 6. fxe5 dxe5 7. Bxc6+ bxc6 8.
O-O Bc5+ 9. Kh1 O-O 10. d3 h6 11. Qe1 Re8 12. Na4 Bb6 13. Be3 Bxe3 14. Qxe3 Qd7
15. Qc5 Nh5 16. Nxe5 Qe6 17. Nxg4 Qxg4 18. Qxc6 Nf4 19. Rf2 h5 20. Qxc7 Ne6 21.
Qxf7+ Kh8 22. Raf1 Rf8 23. Qe7 Rxf2 24. Rxf2 Qd1+ {White resigns} 0-1

[Event "Team 45 45 League T40"]
[Site "Internet Chess Club"]
[Date "2009.02.01"]
[Round "1"]
[White "goldengel"]
[Black "AndersO"]
[Result "1-0"]
[WhiteElo "1441"]
[BlackElo "1429"]
[Opening "French: Steinitz, Boleslavsky variation"]
[ECO "C11"]
[Time "16:00:55"]
[TimeControl "2700+45"]

1. e4 e6 2. d4 d5 3. Nc3 Nf6 4. e5 Nfd7 5. f4 c5 6. Nf3 Nc6 7. Be3 cxd4 8. Nxd4
Bc5 9. Qd2 O-O 10. O-O-O a6 11. Kb1 Nxd4 12. Bxd4 b5 13. Qf2 Qb6 14. g4 Bxd4 15.
Qxd4 Qxd4 16. Rxd4 Rd8 17. Bg2 Bb7 18. Rhd1 Rac8 19. a3 Nb6 20. h4 Nc4 21. R4d3
Rc7 22. Ne2 a5 23. Nd4 Ba6 24. Rb3 Rb8 25. f5 Rb6 26. fxe6 fxe6 27. g5 a4 28.
Rc3 Bc8 29. Bh3 Re7 30. g6 h6 31. Nf3 Re8 32. Ka2 b4 33. axb4 Rxb4 34. b3 axb3+
35. cxb3 Na5 36. Nd4 Bd7 37. Rc7 Rb7 38. Rxb7 Nxb7 39. Rc1 Ra8+ 40. Kb2 Nd8 41.
Rc7 Bc8 42. Nc6 Nxc6 43. Rxc6 Kf8 44. Bxe6 Bxe6 45. Rxe6 Rd8 46. Kc3 d4+ 47. Kd3
Rd5 48. b4 Rd7 49. Rd6 Re7 50. Rd8+ Re8 51. Rxe8+ Kxe8 52. Kxd4 Kd7 53. Kd5 Ke7
54. b5 Kd7 55. b6 {Black resigns} 1-0

[Event "Team 45 45 League T40"]
[Site "Internet Chess Club"]
[Date "2009.02.02"]
[Round "1"]
[White "radiohead"]
[Black "scottrugby"]
[Result "0-1"]
[WhiteElo "1372"]
[BlackElo "1451"]
[Opening "Nimzo-Indian: three knights variation"]
[ECO "E21"]
[Time "19:01:07"]
[TimeControl "2700+45"]

1. d4 Nf6 2. c4 e6 3. Nc3 Bb4 4. Nf3 c5 5. e3 b6 6. Bd3 Bb7 7. O-O O-O 8. Bd2
cxd4 9. exd4 d5 10. b3 Nc6 11. Re1 dxc4 12. Bxc4 Nxd4 13. Nxd4 Qxd4 14. Qc2 Ng4
15. Re2 Ne5 16. Nb5 Qxa1+ 17. Re1 Qxe1+ 18. Bxe1 Bxe1 19. Qe2 Nxc4 {White
resigns} 0-1

[Event "Team 45 45 League T40"]
[Site "Internet Chess Club"]
[Date "2009.01.31"]
[Round "1"]
[White "Just-Jim"]
[Black "Esslinger"]
[Result "1-0"]
[WhiteElo "1377"]
[BlackElo "1258"]
[Opening "Scandinavian (center counter) defense"]
[ECO "B01"]
[Time "12:00:08"]
[TimeControl "2700+45"]

1. e4 d5 2. exd5 Qxd5 3. Nc3 Qa5 4. a3 Nf6 5. b4 Qb6 6. h3 Bf5 7. Nf3 h6 8. Bb5+
c6 9. Bc4 e6 10. O-O Be7 11. d3 O-O 12. Be3 Qc7 13. Ne2 Nbd7 14. Ned4 Bh7 15.
Qc1 Nd5 16. Bxd5 cxd5 17. Rb1 Rfc8 18. Nb5 Qxc2 19. Nxa7 Rc3 20. Qxc2 Rxc2 21.
Rfd1 e5 22. Nb5 d4 23. Bc1 Rac8 24. Bb2 f6 25. Ne1 R2c6 26. Na7 Nb6 27. Nxc8
Rxc8 28. Rbc1 Rxc1 29. Rxc1 Na4 30. Rc8+ Bf8 31. Ba1 b6 32. Ra8 b5 33. Rb8 Nc3
34. Bxc3 dxc3 35. Rc8 {Black resigns} 1-0

[Event "Team 45 45 League T40"]
[Site "Internet Chess Club"]
[Date "2009.01.31"]
[Round "1"]
[White "kingsrook"]
[Black "thefranman"]
[Result "0-1"]
[WhiteElo "1229"]
[BlackElo "1293"]
[Opening "King's Indian: London system"]
[ECO "A48"]
[Time "14:20:03"]
[TimeControl "2700+45"]

1. d4 Nf6 2. Nf3 g6 3. Bf4 Bg7 4. h3 O-O 5. e3 d6 6. c4 Nbd7 7. Nc3 e5 8. dxe5
dxe5 9. Nxe5 Nh5 10. Nxd7 Bxd7 11. Bh2 c6 12. Be2 Nf6 13. O-O Re8 14. Qc2 Bf5
15. Qb3 Qe7 16. Rad1 Ne4 17. Bd3 Nxc3 18. bxc3 Be6 19. Qc2 Qc5 20. Rb1 b6 21.
Qb3 Rad8 22. Rfd1 Rd7 23. Be2 Red8 24. Rxd7 Rxd7 25. a4 Rd2 26. Kf1 Bf5 27. Rb2
Rxb2 28. Qxb2 Qa5 29. Qb4 Bxc3 30. Qxa5 Bxa5 31. Be5 b5 32. axb5 cxb5 33. cxb5
Bb6 34. Bd4 Bxd4 35. exd4 Kf8 36. Bc4 Ke7 37. Ke2 f6 38. Ke3 Kd6 39. g3 Bxh3 40.
f4 Be6 41. Bxe6 Kxe6 42. Ke4 f5+ 43. Ke3 Kd5 44. Kd3 h6 45. Kc3 g5 46. Kd3 gxf4
47. gxf4 h5 48. Ke3 h4 49. Kf3 h3 50. Kg3 h2 51. Kxh2 Kxd4 52. Kg3 Kc4 53. Kh4
Kxb5 54. Kg5 a5 55. Kxf5 a4 56. Ke5 a3 57. f5 a2 58. f6 a1=Q+ 59. Kf5 Qa8 60.
Ke6 Qf8 61. f7 Kc6 62. Kf6 Kd7 63. Kg6 Ke7 64. Kf5 Qxf7+ 65. Ke5 Qc4 66. Kf5 Qd4
67. Kg6 Qe5 68. Kh6 Kf6 69. Kh7 Qg5 70. Kh8 Qg7# {White checkmated} 0-1